 Dungeon Crawl Stone Soup version 0.31.0-32-g396128a36d (webtiles) character file.

Game seed: 13160792865182296670

802 monsoonserge the Grappler (level 7, -2/45 HPs)
             Began as an Octopode Shapeshifter on Apr 8, 2024.
             Slain by a sky beast (5 damage)
             ... on level 6 of the Dungeon.
             The game lasted 00:11:03 (3788 turns).

monsoonserge the Grappler (Octopode Shapeshifter)   Turns: 3788, Time: 00:11:04

Health: -2/45      AC:  1    Str: 16    XL:     7   Next: 90%
Magic:  0/7        EV: 13    Int: 12    God:
Gold:   426        SH:  0    Dex: 11    Spells: 6/6 levels left

rFire   . .          .
                       - Unarmed
rCold   + . .        (no shield)
rNeg    . . .        (helmet currently unavailable)
rPois   .            u - amulet of guardian spirit
rElec   .            i - ring of protection from cold
rCorr   .            (no ring)
SInv    .            (no ring)
Will    .....        (no ring)
Stlth   +++          (no ring)
HPRegen 0.27/turn    (no ring)
MPRegen 0.10/turn    (no ring)
                     (no ring)

%: guardian spirit
@: beast-form
A: beast (slay +1), almost no armour, amphibious, 8 rings, camouflage 1,
gelatinous body 1, (nimble swimmer 1), tentacles
a: Begin Untransformation


You were on level 6 of the Dungeon.
You were a hulking beast.
You visited 1 branch of the dungeon, and saw 8 of its levels.

You collected 426 gold pieces.

Inventory:

Missiles
 e - 9 poisoned darts (quivered)
 m - a boomerang
 o - 7 javelins
Magical Staves
 k - a staff of air
Jewellery
 i - a ring of protection from cold (left tentacle)
 u - an amulet of guardian spirit (around mantle)
Talismans
 b - a beast talisman
 c - a flux talisman
Wands
 v - a wand of roots (9)
Scrolls
 d - a scroll of noise {unknown}
 f - 2 scrolls of enchant weapon {unknown}
 g - 4 scrolls of teleportation
 n - 3 scrolls of enchant armour {unknown}
 p - a scroll of fear {unknown}
 q - 2 scrolls of identify {unknown}
 t - a scroll of immolation {unknown}
 w - 2 scrolls of fog {unknown}
Potions
 a - a potion of lignification
 h - a potion of curing
 j - a potion of attraction {unknown}
 l - a potion of degeneration {unknown}
 r - a potion of brilliance {unknown}
 s - a potion of magic {unknown}
 x - a potion of ambrosia {unknown}


   Skills:
 + Level 2.3 Fighting
 + Level 3.3 Dodging
 - Level 2.0 Stealth
 + Level 8.2 Unarmed Combat
 - Level 3.0 Shapeshifting


You had 6 spell levels left.
You didn't know any spells.
Your spell library contained the following spells:

 Spells                   Type           Power      Damage    Failure   Level
 Kiss of Death            Conj/Necr      0%         2d5       32%         1
 Sting                    Conj/Alch      0%         1d3       32%         1
 Mercury Vapours          Alch/Air       0%         N/A       45%         2
 Confusing Touch          Hex            0%         N/A       69%         3
 Dazzling Flash           Conj/Hex       0%         N/A       69%         3
 Mephitic Cloud           Conj/Alch/Air  0%         N/A       69%         3
 Dispel Undead            Necr           0%         3d6       97%         4
 Olgreb's Toxic Radiance  Alch           0%         N/A       97%         4
 Summon Lightning Spire   Summ/Air       0%         N/A       97%         4
 Curse of Agony           Necr           0%         N/A       100%        5
 Lee's Rapid Deconstruct  Erth           0%         3d4*      100%        5
 Silence                  Hex/Air        0%         N/A       100%        5
 Animate Armour           Summ/Erth      Unusable   N/A       N/A         4

Dungeon Overview and Level Annotations

Branches:
Dungeon (8/15)
 Temple: D:4-7         Lair: D:8-11

Altars:
Fedhas
Qazlal
Xom
Zin

Annotations:
D:4 Natasha, Robin


Innate Abilities, Weirdness & Mutations

You are a hulking beast.
Your limbs bulge with bestial killing power. (Slay +1)
You cannot wear most types of armour.
You are amphibious.
You can wear up to eight rings at the same time.
Your skin changes colour to match your surroundings (Stealth+).
Your rubbery body absorbs attacks. (AC +1, EV +1)
((You are camouflaged when in or above water. (Stealth+)))
You have tentacles for arms and can constrict up to eight enemies at once.


Message History

You barely miss the sky beast. You squeeze the sky beast.
The sky beast is lightly wounded.
The sky beast hits you. The sky beast shocks you.
You barely miss the sky beast.
The sky beast is lightly wounded.
You barely miss the sky beast.
The sky beast is lightly wounded.
The sky beast misses you.
You tentacle-slap the sky beast but do no damage.
Your squeeze misses the sky beast.
The sky beast is lightly wounded.
The sky beast hits you. The sky beast shocks you.
You tentacle-slap the sky beast. Your squeeze misses the sky beast.
The sky beast is moderately wounded.
The sky beast hits you. The sky beast shocks you.
You bludgeon the sky beast! Your squeeze misses the sky beast.
The sky beast is heavily wounded.
The sky beast flickers out of sight!
Deactivating autopickup; reactivate with Ctrl-A.
Something hits you. Something shocks you.
You closely miss something. You squeeze something. Something hits you.
Something shocks you.
You tentacle-slap something.
Your tentacle-slap misses something.
You barely miss something.
Your tentacle-slap misses something.
A sky beast appears from thin air!
Reactivating autopickup.
The sky beast hits you. The sky beast shocks you.
* * * LOW HITPOINT WARNING * * *
You bludgeon the sky beast!
The sky beast is almost dead.
The sky beast hits you.
* * * LOW HITPOINT WARNING * * *
The sky beast shocks you.
* * * LOW HITPOINT WARNING * * *
You miss the sky beast.
The sky beast is almost dead.
The sky beast hits you.
* * * LOW HITPOINT WARNING * * *
The sky beast shocks you.
You die...

####### #
##.....#...
##..........
#hY.>...)...
#..((..(..Y.
#...........
#......(..<.
#.......(...
##..........
##.....#...
##########


You could see a sky beast.

Vanquished Creatures
  An ogre (D:5)
  Blork the orc (D:4)
  A scorpion (D:5)
  A jelly (D:6)
  2 bombardier beetles
  An orc priest (D:5)
  5 hounds
  An iguana (D:4)
  A sleepcap (D:4)
  Natasha (twice) (D:4)
  2 orc wizards
  3 adders
  A shadow imp (D:6)
  2 ribbon worms
  4 dart slugs
  14 orcs
  8 ball pythons
  7 bats
  8 endoplasms
  5 giant cockroaches
  6 hobgoblins
  3 jackals (D:4)
  8 kobolds
  4 quokkas
  A frilled lizard (D:3)
  13 goblins
  8 rats
113 creatures vanquished.

Vanquished Creatures (others)
  An angel (D:4)
1 creature vanquished.

Grand Total: 114 creatures vanquished

Notes
Turn   | Place    | Note
-------+----------+-------------------------------------------
     0 | D:1      | monsoonserge the Octopode Shapeshifter began the quest for
                  | the Orb.
     0 | D:1      | Reached XP level 1. HP: 13/13 MP: 1/1
   126 | D:1      | Reached XP level 2. HP: 18/18 MP: 2/2
   329 | D:1      | Reached skill level 4 in Unarmed Combat
   459 | D:1      | Reached XP level 3. HP: 23/23 MP: 3/3
   927 | D:2      | Found a faded altar of an unknown god.
  1352 | D:2      | Reached XP level 4. HP: 22/28 MP: 4/4
  1886 | D:3      | Reached skill level 1 in Stealth
  1890 | D:3      | Reached skill level 5 in Unarmed Combat
  2070 | D:3      | Reached XP level 5. HP: 27/33 MP: 5/5
  2365 | D:3      | Found a blossoming altar of Fedhas.
  2374 | D:3      | Found a stormy altar of Qazlal.
  2500 | D:4      | Killed an angel
  2555 | D:4      | Noticed Blork the orc
  2577 | D:4      | Killed Blork the orc
  2578 | D:4      | Reached skill level 6 in Unarmed Combat
  2578 | D:4      | Reached XP level 6. HP: 19/39 MP: 6/6
  2592 | D:4      | Found a glowing silver altar of Zin.
  2604 | D:4      | Found a shimmering altar of Xom.
  2966 | D:4      | Noticed Natasha
  3118 | D:4      | Killed Natasha
  3119 | D:4      | Reached skill level 7 in Unarmed Combat
  3119 | D:4      | Reached XP level 7. HP: 44/44 MP: 7/7
  3121 | D:4      | Noticed Robin
  3133 | D:4      | Noticed Natasha
  3137 | D:4      | Killed Natasha
  3226 | D:4      | Noticed Natasha
  3256 | D:5      | Entered Level 5 of the Dungeon
  3402 | D:5      | Reached skill level 8 in Unarmed Combat
  3708 | D:5      | You fall into a shaft and drop 3 floors!
  3724 | D:7      | Identified the +1 quarterstaff of Integrity {heavy, ^Drain
                  | rF+ Str+6}
  3788 | D:6      | Slain by a sky beast

Illustrated notes

Levels and vault maps discovered:
D:1:      giann_bridges, layout_basic, minmay_gold_behind_fungi
D:2:      layout_loops_ring, shapermc_ecumenical_altar_mp_urbaneastern
D:3:      layout_rooms, grunt_temple_overflow_forces_of_nature,
          nicolae_eternal_life, minmay_misc_feat_rows, grunt_decor_fettered
D:4:      layout_cave_pools, grunt_temple_overflow_order_and_chaos_1,
          minmay_misc_feat_roman, minmay_between, uniq_blork_the_orc,
          uniq_robin, uniq_natasha
D:5:      layout_loops_ring
D:6:      layout_rooms, nicolae_overflows_in_rows, minivault_22
D:7:      nicolae_cairo_tiling_large, layout_basic, temple_doors_e
D:8:      cheibrodos_two_vegetables, layout_cave_pools,
          gammafunk_ghost_nasty_kobolds, hangedman_decor_slide_cut

Skill      XL: |  1  2  3  4  5  6  7 |
---------------+----------------------+-----
Unarmed Combat | 4 5 6 7 8 |  8.2
Stealth        | 1 2 |  2.0
Fighting       | 2 |  2.3
Dodging        | 3 |  3.3
Shapeshifting  | |  3.0

Action                     |  1- 3 |  4- 6 |  7- 9 || total
---------------------------+-------+-------+-------++-------
  Melee: Unarmed           |    73 |   106 |    60 ||   239
         Constrict         |    19 |    28 |     7 ||    54
         Tentacles         |    16 |    21 |     7 ||    44
         Punch             |     1 |     5 |     6 ||    12
  Throw: Dart              |       |       |     7 ||     7
    Use: Scroll            |       |     1 |     1 ||     2
         Potion            |       |       |     1 ||     1
   Stab: Sleeping          |     9 |     7 |       ||    16
 Armour: Skin              |    26 |    52 |    43 ||   121
  Dodge: Dodged            |    30 |    54 |    29 ||   113
